 Dungeon Crawl Stone Soup version 0.29-a0-275-g389c0b56f3 (webtiles) character file.

Game seed: 6967766059461487821

6 spaghetti the Caller (level 1, 0/14 HPs)
             Began as a Demigod Summoner on Mar 10, 2022.
             Slain by a jackal (1 damage)
             ... on level 1 of the Dungeon.
             The game lasted 00:00:49 (548 turns).

spaghetti the Caller (Demigod Summoner)              Turns: 548, Time: 00:00:49

Health: 0/14       AC:  2    Str:  9    XL:     1   Next: 60%
Magic:  2/5        EV: 12    Int: 17    God:
Gold:   19         SH:  0    Dex: 14    Spells: 2/3 levels left

rFire   . . .      SeeInvis .   (no weapon)
rCold   . . .      Faith    .   (no shield)
rNeg    . . .      Spirit   .   a - +0 robe
rPois   .          Reflect  .   (no helmet)
rElec   .          Harm     .   (no cloak)
rCorr   .          Rampage  .   (no gloves)
Will    .....                   (no boots)
Stlth   ++........              (no amulet)
HPRegen 0.04/turn               (no ring)
MPRegen 0.09/turn               (no ring)

@: flying
A: high MP 1, forlorn, divine attributes
a: no special abilities


You were on level 1 of the Dungeon.
You visited 1 branch of the dungeon, and saw 1 of its levels.

You collected 19 gold pieces.


Innate Abilities, Weirdness & Mutations

You have an increased reservoir of magic. (+10% MP)
You shall have no god before yourself.
Your divine heritage dramatically boosts your attributes as you level up.


   Skills:
 - Level 1.7 Dodging
 - Level 1.7 Stealth
 - Level 1.7 Spellcasting
 + Level 3.9 Summonings


You had 2 spell levels left.
You knew the following spells:

 Your Spells              Type           Power      Damage    Failure   Level
a - Summon Small Mammal   Summ           60%        N/A       3%          1

Your spell library contained the following spells:

 Spells                   Type           Power      Damage    Failure   Level
 Call Imp                 Summ           15%        N/A       6%          2
 Call Canine Familiar     Summ           15%        N/A       12%         3
 Summon Guardian Golem    Hex/Summ       8%         N/A       26%         3
 Summon Lightning Spire   Summ/Air       8%         N/A       65%         4

Inventory:

Hand Weapons
 d - a +0 club {mace}
   (You took it off a kobold on level 1 of the Dungeon)
Missiles
 e - 4 stones {throwing}
Armour
 a - a +0 robe (worn)
Scrolls
 c - a scroll of immolation {unknown}
Potions
 b - a potion of magic
 f - a potion of flight

Dungeon Overview and Level Annotations

Branches:
Dungeon (1/15)

## ####
##.. ...##
.... ..)#
#..#...#
#..#.r#####
.#.h†b....#
## #..#b@##
.#
.#..#..##
.#
......!..#
.####
#.###.#.#>#
# ....# .
#...#.##.#
.##.#
###......#
.##.#
###.####
†##.
#####.#
.##.#
#.....#


You could see a jackal (ally target), a bat (ally target), a friendly bat
(summoned) and a friendly rat (summoned).


Message History

You hit the endoplasm. Your bat hits the endoplasm.
The endoplasm dies!
You start resting. 😨 HP[+1] MP[+2]
Your mp is fully restored (5).
f - 2 sedimented emerald potions Your quokka disappears in a puff of smoke!
Your bat disappears in a puff of smoke!
Key pressed, stopping explore.
Key pressed, stopping explore.
Found a stone staircase leading down. 😎 HP[+7]
Your hp is fully restored (14).
A jackal comes into view.
A jackal is nearby!
A jackal is nearby!
There is a stone staircase leading down here.
A jackal comes into view.
The jackal barks!
A bat comes into view.
The jackal moves out of view.
The jackal barks!
You hit the jackal but do no damage. The bat hits you but does no damage.
The jackal bites you. 😕 HP[-1]
You take 1 damage, and now have 13/14 hp.
You barely miss the jackal. The bat hits you but does no damage.
The jackal bites you.
The bat hits you but does no damage. 😕 HP[-1]
You take 1 damage, and now have 12/14 hp.
You closely miss the jackal. The bat misses you. The bat closely misses you.
Casting: Summon Small Mammal (safe; 4% risk of failure)
Press: ? - help, Q - select action, (/) - cycle Dir - look around, f - activate The bat hits you but does no damage.
The jackal closely misses you. The jackal barely misses you. 😕 MP[-1]
You lost 1 mp, and now have 4/5 mp.
Casting: Summon Small Mammal (safe; 4% risk of failure)
Press: ? - help, Q - select action, (/) - cycle Dir - look around, f - activate The jackal completely misses you.
The bat barely misses you. The jackal bites you. x2
* * * LOW HITPOINT WARNING * * *
The jackal bites you.
* * * LOW HITPOINT WARNING * * *
Your rat barely misses the jackal.
The bat closely misses you. 😨 HP[-6] MP[-1]
You take 6 damage, and now have 6/14 hp.
MASSIVE DAMAGE!! (PAUSE)
You lost 1 mp, and now have 3/5 mp.
You hit the jackal. The bat barely misses you. x2
Your bat barely misses the jackal.
The jackal barely misses you. The jackal completely misses you.
Your rat bites the jackal.
The bat hits you but does no damage.
You hit the jackal but do no damage.
Your bat barely misses the jackal.
The bat closely misses you. The jackal closely misses you.
The jackal barely misses you.
Your rat barely misses the jackal.
You hit the jackal but do no damage. The jackal misses you.
The jackal completely misses you. The bat closely misses you.
The jackal bites you.
* * * LOW HITPOINT WARNING * * *
The jackal closely misses you.
Your rat barely misses the jackal. 😨 HP[-2]
You take 2 damage, and now have 4/14 hp.
You hit the jackal. The bat hits you.
* * * LOW HITPOINT WARNING * * *
The jackal closely misses you. x2; Your rat bites the jackal.
The bat hits you but does no damage. 😱 HP[-1]
You take 1 damage, and now have 3/14 hp.
It was a potion of flight.
You feel very buoyant.
You fly up into the air.
The bat barely misses you. The jackal closely misses you.
The jackal bites you but does no damage.
The jackal barely misses you.
The jackal bites you but does no damage.
Your rat bites the jackal.
The jackal dies!
The bat hits you.
* * * LOW HITPOINT WARNING * * *
😱 HP[-1]
You take 1 damage, and now have 2/14 hp.
Unknown command.
You miss the bat. The bat misses you. The bat barely misses you.
The jackal closely misses you.
Your rat closely misses the bat.
The bat closely misses your rat.
Casting: Summon Small Mammal (safe; 3% risk of failure)
Press: ? - help, Q - select action, (/) - cycle Dir - look around, f - activate The bat closely misses you.
The bat barely misses you.
The jackal bites you but does no damage.
The bat hits you.
* * * LOW HITPOINT WARNING * * *
Your rat misses the bat. 😱 HP[-1] MP[-1]
You take 1 damage, and now have 1/14 hp.
You lost 1 mp, and now have 2/5 mp.
You hit the bat.
Your bat hits the jackal but does no damage.
The jackal bites you.
You die...

Action                   || total
-------------------------++-------
Melee: Unarmed           ||    15
 Cast: Summon Small Mamm ||    13
  Use: Potion            ||     1
Armor: Robe              ||    10
Dodge: Dodged            ||    35

Levels and vault maps discovered:
D:1:      lemuel_arrival_tunnels, layout_loops_cross,
          minmay_misc_feat_diagonals, minmay_pentomino_q4

Notes
Turn   | Place    | Note
-------+----------+-------------------------------------------
     0 | D:1      | spaghetti the Demigod Summoner began the quest for the Orb.
     0 | D:1      | Reached XP level 1. HP: 14/14 MP: 5/5
     0 | D:1      | magus.rc [v1.9.6]
   544 | D:1      | HP: 3/14 [bat (1)]
   547 | D:1      | HP: 1/14 [bat (1)]
   548 | D:1      | Slain by a jackal

Vanquished Creatures (collateral kills)
  An endoplasm (D:1)
  A giant cockroach (D:1)
  A jackal (D:1)
  A kobold (D:1)
  A rat (D:1)
5 creatures vanquished.

Table legend:
 A = Non-vault XP
 B = Vault XP
 C = Vault XP percentage of total XP
 D = Non-vault monster count
 E = Vault monster count
 F = Vault count percentage of total count
                 A         B        C        D         E       F
            +---------+---------+-------+---------+---------+-------
      Total |       9 |       0 |   0.0 |       5 |       0 |   0.0
            +---------+---------+-------+---------+---------+-------
        D:1 |       9 |       0 |   0.0 |       5 |       0 |   0.0
            +---------+---------+-------+---------+---------+-------

Illustrated notes

Table legend:
 A = Kills in this place as a percentage of kills in entire the game.
 B = Kills by you in this place as a percentage of kills by you in the entire game.
 C = Kills by friends in this place as a percentage of kills by friends in the entire game.
 D = Other kills in this place as a percentage of other kills in the entire game.
 E = Experience gained in this place as a percentage of experience gained in the entire game.
 F = Experience gained in this place divided by the number of levels of this place that you have seen.
                   A       B       C       D       E      F
               +-------+-------+-------+-------+-------+----------------------
         Total | 100.0 |   N/A | 100.0 |   N/A | 100.0 |   9.0
       Dungeon | 100.0 |   N/A | 100.0 |   N/A | 100.0 |   9.0
               +-------+-------+-------+-------+-------+----------------------

Table legend: (Time is in decaauts)
 A = Elapsed time spent in this place.
 B = Non-inter-level travel time spent in this place.
 C = Inter-level travel time spent in this place.
 D = Time resting spent in this place.
 E = Time spent auto-exploring this place.
 F = Levels seen in this place.
 G = Mean time per level.
                   A        B        C        D        E       F      G
               +--------+--------+--------+--------+--------+-----+--------+
         Total |    548 |    548 |      0 |     30 |    441 |   1 |  548.0 |
       Dungeon |    548 |    548 |      0 |     30 |    441 |   1 |  548.0 |
               +--------+--------+--------+--------+--------+-----+--------+

Top non-repeatable levels by time:
     D:1: 548 daAuts
